Toronto Maple Leafs vs Montreal Canadiens
Created - Friday, December 6, 2024 at 08:55
Goals
|
| Toronto Maple Leafs |
0 |
2 |
3 |
5 |
| Montreal Canadiens |
0 |
2 |
0 |
2 |
|
Shots
|
| Toronto Maple Leafs |
13 |
6 |
14 |
33 |
| Montreal Canadiens |
7 |
5 |
12 |
24 |
|
1st period
No Goal
Penalties :
Nick Bjugstad (TOR) for Tripping (Minor) at 8:42, Sam Bennett (TOR) for Slashing (Minor) at 13:30, Vladislav Namestnikov (MTL) for Interference (Minor) at 14:54
2nd period
1. Toronto Maple Leafs , Brandon Saad 15 (Scott Laughton 20, Sam Bennett 21) at 4:38
2. Montreal Canadiens , Juraj Slafkovsky 16 (Dylan Larkin 51) at 4:46
3. Toronto Maple Leafs , Tomas Hertl 24 (Troy Terry 49, Brady Tkachuk 42) at 6:41 (PP)
4. Montreal Canadiens , Dylan Larkin 35 (Martin Necas 28, Brady Skjei 23) at 14:47
Penalties :
Brady Tkachuk (TOR) for Hooking (Minor) at 1:24, Damon Severson (MTL) for Interference (Minor) at 4:58, Dylan Larkin (MTL) for Tripping (Minor) at 7:38, Brady Tkachuk (TOR) for Roughing (Minor) at 17:26
3rd period
5. Toronto Maple Leafs , Troy Terry 30 (Quinton Byfield 35, Wyatt Johnston 47) at 7:27
6. Toronto Maple Leafs , Tomas Hertl 25 (Scott Laughton 21) at 19:24 (Empty Net)
7. Toronto Maple Leafs , Ryan Pulock 5 (Wyatt Johnston 48, Sean Walker 22) at 19:58 (PP)
Penalties :
Damon Severson (MTL) for Interference (Minor) at 19:46
Goalie Stats
Frederik Andersen (TOR), 22 saves from 24 shots - (0.917), W, 13-7-2, 60:00 minutes
David Rittich (MTL), 28 saves from 32 shots - (0.875), L, 6-17-3, 59:28 minutes
Players Stats for Toronto Maple Leafs
Player Name G A P +/- PIM S H SB GA TA FO MP PP MP PK MP
------------------------------------------------------------------------------------
Aaron Ekblad 0 0 0 0 0 0 1 2 0 1 0/0 17:52 3:33 3:31
Andrew Mangiapane 0 0 0 -1 0 4 3 0 0 0 0/0 16:52 0:00 4:00
Brady Tkachuk 0 1 1 0 4 3 3 1 3 0 0/0 17:37 3:22 0:07
Brandon Saad 1 0 1 1 0 1 1 0 0 1 0/0 10:28 1:56 0:16
Cody Ceci 0 0 0 1 0 0 0 1 1 0 0/0 20:17 0:00 3:50
Dougie Hamilton 0 0 0 -2 0 3 0 0 0 0 0/0 18:18 3:22 0:00
Mario Ferraro 0 0 0 0 0 0 1 1 0 2 0/0 18:52 0:00 3:31
Nick Bjugstad 0 0 0 0 2 0 1 0 0 1 3/10 16:08 0:00 2:49
Nicolas Roy 0 0 0 0 0 1 1 0 0 0 0/0 14:53 0:00 2:58
Nino Niederreiter 0 0 0 -1 0 1 1 0 0 0 0/0 11:36 0:00 0:00
Quinton Byfield 0 1 1 0 0 4 1 1 0 0 1/3 15:12 1:56 0:07
Ryan Pulock 1 0 1 3 0 3 1 1 0 0 0/0 24:29 1:56 3:50
Sam Bennett 0 1 1 1 2 1 1 0 0 0 0/0 8:23 0:11 0:00
Scott Laughton 0 2 2 2 0 2 0 0 0 0 2/8 12:14 0:00 3:14
Sean Walker 0 1 1 0 0 2 1 1 0 0 0/0 19:20 1:45 0:00
Tomas Hertl 2 0 2 1 0 3 0 0 1 1 7/11 15:43 3:11 0:00
Troy Terry 1 1 2 0 0 1 1 0 1 0 0/0 16:45 3:11 0:00
Wyatt Johnston 0 2 2 0 0 4 2 0 0 0 11/22 17:01 2:07 1:11
Players Stats for Montreal Canadiens
Player Name G A P +/- PIM S H SB GA TA FO MP PP MP PK MP
------------------------------------------------------------------------------------
Adam Fox 0 0 0 -1 0 1 2 0 0 0 0/0 24:57 3:53 3:54
Alexandre Carrier 0 0 0 0 0 0 1 0 0 2 0/0 16:44 3:28 0:00
Aliaksei Protas 0 0 0 -2 0 2 0 2 0 1 1/4 18:26 3:29 2:11
Brady Skjei 0 1 1 1 0 1 1 2 0 0 0/0 26:22 3:53 2:37
Damon Severson 0 0 0 0 4 2 2 2 0 0 0/0 22:20 3:28 1:24
Dylan Larkin 1 1 2 2 2 6 0 0 0 1 18/31 21:20 3:49 0:36
Evgeni Dadonov 0 0 0 -1 0 0 1 0 0 0 0/0 8:47 0:09 0:00
Ilya Lyubushkin 0 0 0 0 0 0 1 0 0 1 0/0 12:41 0:00 0:00
Jack Johnson 0 0 0 -2 0 0 0 1 0 0 0/0 16:54 0:00 2:41
Jake Evans 0 0 0 -1 0 0 2 0 0 0 1/5 15:14 0:00 2:56
Jonatan Berggren 0 0 0 -1 0 2 0 0 0 0 0/0 9:39 0:00 0:00
Juraj Slafkovsky 1 0 1 2 0 3 2 2 0 0 2/2 19:38 3:29 0:00
Luke Glendening 0 0 0 -1 0 0 2 0 0 0 5/7 13:00 0:00 2:56
Martin Necas 0 1 1 -2 0 5 0 0 3 0 0/0 16:28 3:49 0:00
Patrik Laine 0 0 0 2 0 1 1 0 1 1 1/2 20:51 3:46 0:26
Rasmus Asplund 0 0 0 0 0 0 0 0 0 0 0/0 8:03 0:03 0:00
Vasili Ponomarev 0 0 0 0 0 0 1 0 0 0 0/0 8:00 0:00 0:00
Vladislav Namestnikov 0 0 0 -1 2 1 1 0 2 0 2/3 14:39 3:28 1:31
3 Stars
1 - Tomas Hertl (TOR)
2 - Ryan Pulock (TOR)
3 - Troy Terry (TOR)
Power Play
Toronto Maple Leafs - 2 on 4 Attempt(s) - 50.00%
Montreal Canadiens - 0 on 4 Attempt(s) - 0.00%
Penalty Kill
Toronto Maple Leafs - 4 on 4 Attempt(s) - 100.00%
- Score 0 goal in Penalty Kill
Montreal Canadiens - 2 on 4 Attempt(s) - 50.00%
- Score 0 goal in Penalty Kill
Team Stat
Toronto Maple Leafs - Hits : 19 - Faceoff Wins : 24 - Blocked Shots : 8 - Penalty Minutes : 8
Montreal Canadiens - Hits : 17 - Faceoff Wins : 30 - Blocked Shots : 9 - Penalty Minutes : 8
Official
Referees : Furman South and Jordan Samuels
Linesman : CJ Murray and James Tobias
Game Notes
Aaron Ekblad is injured at 4:48 of 3rd period (Bruised Right Foot)
Tomas Hertl has scored in a empty net!
Finance
Level 1 -- Attendance: 5175 (86.25%) -- Ticket Income $481,275
Level 2 -- Attendance: 4537 (90.74%) -- Ticket Income $240,461
Level 3 -- Attendance: 2621 (87.37%) -- Ticket Income $83,872
Level 4 -- Attendance: 4282 (85.64%) -- Ticket Income $94,204
Luxury Box -- Attendance: 740 (74.00%) -- Ticket Income $144,300
Game was played at the Bell Centre.
Total Attendance: 17355 (86.78%)
Total Ticket Income: $1,044,112
Other Income: $365,439
Total Income: $1,409,551
Toronto Maple Leafs
5 vs 5 Forward
Center Left Wing Right Wing Time % Phy DF OF
1 Tomas Hertl Brady Tkachuk Nicolas Roy 30 1 2 2
2 Wyatt Johnston Quinton Byfield Troy Terry 30 1 2 2
3 Nick Bjugstad Nino Niederreiter Andrew Mangiapane 25 1 2 2
4 Scott Laughton Sam Bennett Brandon Saad 15 1 2 2
5 vs 5 Defense
Defense Defense Time % Phy DF OF
1 Aaron Ekblad Ryan Pulock 33 1 2 2
2 Mario Ferraro Cody Ceci 32 1 2 2
3 Sean Walker Dougie Hamilton 31 1 2 2
4 Mario Ferraro Cody Ceci 4 1 2 2
PowerPlay Forward
Center Left Wing Right Wing Time % Phy DF OF
1 Tomas Hertl Brady Tkachuk Troy Terry 50 1 2 2
2 Wyatt Johnston Quinton Byfield Brandon Saad 50 1 2 2
PowerPlay Defense
Defense Defense Time % Phy DF OF
1 Dougie Hamilton Aaron Ekblad 50 1 2 2
2 Ryan Pulock Sean Walker 50 1 2 2
Penalty Kill 4 Players Forward
Center Wing Time % Phy DF OF
1 Nick Bjugstad Andrew Mangiapane 50 1 2 2
2 Scott Laughton Nicolas Roy 50 1 2 2
Penalty Kill 4 Players Defense
Defense Defense Time % Phy DF OF
1 Aaron Ekblad Mario Ferraro 50 1 2 2
2 Cody Ceci Ryan Pulock 50 1 2 2
Penalty Kill - 3 Players Forward
Forward Time % Phy DF OF
1 Nick Bjugstad 50 1 2 2
2 Scott Laughton 50 1 2 2
Penalty Kill - 3 Players Defense
Defense Defense Time % Phy DF OF
1 Mario Ferraro Aaron Ekblad 50 1 2 2
2 Cody Ceci Ryan Pulock 50 1 2 2
4 vs 4 Forward
Center Wing Time % Phy DF OF
1 Scott Laughton Troy Terry 50 1 2 2
2 Wyatt Johnston Brady Tkachuk 50 1 2 2
4 vs 4 Defense
Defense Defense Time % Phy DF OF
1 Cody Ceci Mario Ferraro 50 1 2 2
2 Aaron Ekblad Ryan Pulock 50 1 2 2
Last Minutes Offensive
Center Left Wing Right Wing Defense Defense
Tomas Hertl Brady Tkachuk Nick Bjugstad Aaron Ekblad Dougie Hamilton
Last Minutes Defensive
Center Left Wing Right Wing Defense Defense
Tomas Hertl Scott Laughton Nick Bjugstad Aaron Ekblad Ryan Pulock
Goaltenders
Starting : Frederik Andersen
Backup : Cam Talbot
Extra Forwards
Normal : Scott Laughton, Brandon Saad, Andrew Mangiapane - PP : Andrew Mangiapane, Sam Bennett - PK : Andrew Mangiapane
Extra Defensemen
Normal : Sean Walker, Dougie Hamilton, Mario Ferraro - PP : Cody Ceci - PK : Sean Walker, Dougie Hamilton
Penalty Shots
Dougie Hamilton, Nick Bjugstad, Quinton Byfield, Troy Terry, Nicolas Roy
Scratches
Bowen Byram (Healthy), Kyle Okposo (Healthy), Warren Foegele (Healthy), Luke Schenn (Healthy), Pierre Engvall (Healthy)
Montreal Canadiens
5 vs 5 Forward
Center Left Wing Right Wing Time % Phy DF OF
1 Dylan Larkin Juraj Slafkovsky Patrik Laine 40 1 2 2
2 Jake Evans Aliaksei Protas Martin Necas 30 1 2 2
3 Luke Glendening Vladislav Namestnikov Jonatan Berggren 20 1 2 2
4 Vasili Ponomarev Rasmus Asplund Evgeni Dadonov 10 1 2 2
5 vs 5 Defense
Defense Defense Time % Phy DF OF
1 Damon Severson Brady Skjei 35 1 4 0
2 Adam Fox Jack Johnson 30 1 4 0
3 Alexandre Carrier Ilya Lyubushkin 25 1 4 0
4 Adam Fox Brady Skjei 10 1 4 0
PowerPlay Forward
Center Left Wing Right Wing Time % Phy DF OF
1 Dylan Larkin Patrik Laine Martin Necas 60 0 0 5
2 Vladislav Namestnikov Aliaksei Protas Juraj Slafkovsky 40 0 0 5
PowerPlay Defense
Defense Defense Time % Phy DF OF
1 Adam Fox Brady Skjei 60 0 0 5
2 Alexandre Carrier Damon Severson 40 0 0 5
Penalty Kill 4 Players Forward
Center Wing Time % Phy DF OF
1 Jake Evans Luke Glendening 50 0 5 0
2 Vladislav Namestnikov Aliaksei Protas 50 0 5 0
Penalty Kill 4 Players Defense
Defense Defense Time % Phy DF OF
1 Adam Fox Brady Skjei 50 0 5 0
2 Damon Severson Jack Johnson 50 0 5 0
Penalty Kill - 3 Players Forward
Forward Time % Phy DF OF
1 Jake Evans 50 0 5 0
2 Luke Glendening 50 0 5 0
Penalty Kill - 3 Players Defense
Defense Defense Time % Phy DF OF
1 Adam Fox Brady Skjei 50 0 5 0
2 Damon Severson Jack Johnson 50 0 5 0
4 vs 4 Forward
Center Wing Time % Phy DF OF
1 Dylan Larkin Patrik Laine 50 1 2 2
2 Jake Evans Juraj Slafkovsky 50 1 2 2
4 vs 4 Defense
Defense Defense Time % Phy DF OF
1 Adam Fox Brady Skjei 50 1 2 2
2 Damon Severson Jack Johnson 50 1 2 2
Last Minutes Offensive
Center Left Wing Right Wing Defense Defense
Dylan Larkin Juraj Slafkovsky Martin Necas Adam Fox Brady Skjei
Last Minutes Defensive
Center Left Wing Right Wing Defense Defense
Dylan Larkin Luke Glendening Vladislav Namestnikov Adam Fox Brady Skjei
Goaltenders
Starting : David Rittich
Backup : Calle Clang
Extra Forwards
Normal : Juraj Slafkovsky, Dylan Larkin, Patrik Laine - PP : Martin Necas, Patrik Laine - PK : Vladislav Namestnikov
Extra Defensemen
Normal : Adam Fox, Brady Skjei, Damon Severson - PP : Adam Fox - PK : Adam Fox, Brady Skjei
Penalty Shots
Patrik Laine, Vasili Ponomarev, Martin Necas, Juraj Slafkovsky, Dylan Larkin
Scratches
None
% Time on Ice - Toronto Maple Leafs
Lines # - Real PCT - Wanted PCT - Time Play
Normal Forward
1 - 29% - 30% - 13:20
2 - 28% - 30% - 13:09
3 - 25% - 25% - 11:36
4 - 18% - 15% - 8:13
Normal Defense
1 - 41% - 33% - 18:49
2 - 31% - 32% - 14:11
3 - 27% - 31% - 12:22
4 - 2% - 4% - 0:56
PP Forward
1 - 60% - 50% - 3:11
2 - 40% - 50% - 2:07
PP Defense
1 - 64% - 50% - 3:22
2 - 36% - 50% - 1:56
PK Forward
1 - 56% - 50% - 4:07
2 - 44% - 50% - 3:14
PK Defense
1 - 48% - 50% - 3:31
2 - 52% - 50% - 3:50
PK3 Forward
1 - 0% - 50%
2 - 0% - 50%
PK3 Defense
1 - 0% - 50%
2 - 0% - 50%
44 Forward
1 - 54% - 50% - 0:19
2 - 46% - 50% - 0:16
44 Defense
1 - 74% - 50% - 0:26
2 - 26% - 50% - 0:09
Last Minute Offensive - 0:00
Last Minute Defensive - 0:28
Total
Forward - 60:00
Defense - 60:00
|
% Time on Ice - Montreal Canadiens
Lines # - Real PCT - Wanted PCT - Time Play
Normal Forward
1 - 36% - 40% - 16:29
2 - 26% - 30% - 12:00
3 - 21% - 20% - 9:39
4 - 17% - 10% - 8:00
Normal Defense
1 - 35% - 35% - 16:19
2 - 30% - 30% - 13:45
3 - 27% - 25% - 12:41
4 - 7% - 10% - 3:23
PP Forward
1 - 53% - 60% - 3:52
2 - 47% - 40% - 3:29
PP Defense
1 - 53% - 60% - 3:53
2 - 47% - 40% - 3:28
PK Forward
1 - 59% - 50% - 3:07
2 - 41% - 50% - 2:11
PK Defense
1 - 49% - 50% - 2:37
2 - 51% - 50% - 2:41
PK3 Forward
1 - 0% - 50%
2 - 0% - 50%
PK3 Defense
1 - 0% - 50%
2 - 0% - 50%
44 Forward
1 - 100% - 50% - 0:35
2 - 0% - 50% - 0:00
44 Defense
1 - 100% - 50% - 0:35
2 - 0% - 50% - 0:00
Last Minute Offensive - 0:38
Last Minute Defensive - 0:00
Total
Forward - 60:00
Defense - 60:00
|
Play-by-Play
1st period
0:01 of 1st period - Tomas Hertl wins face-off versus Dylan Larkin in neutral zone.
0:06 of 1st period - Damon Severson is hit by Nicolas Roy and loses puck.
0:27 of 1st period - Wyatt Johnston is hit by Damon Severson and loses puck.
2:02 of 1st period - Slapshot by Wyatt Johnston.
2:02 of 1st period - Stopped by David Rittich with a rebound.
2:04 of 1st period - Snap shot by Sean Walker.
2:04 of 1st period - Stopped by David Rittich with a rebound.
2:26 of 1st period - Wrist shot by Jonatan Berggren.
2:26 of 1st period - Stopped by Frederik Andersen without a rebound.
2:27 of 1st period - Tomas Hertl wins face-off versus Dylan Larkin in Toronto Maple Leafs zone.
3:20 of 1st period - Slapshot by Brady Tkachuk.
3:20 of 1st period - Stopped by David Rittich with a rebound.
3:22 of 1st period - Slapshot by Cody Ceci.
3:22 of 1st period - Deflect By Tomas Hertl.
3:22 of 1st period - Stopped by David Rittich without a rebound.
3:23 of 1st period - Wyatt Johnston wins face-off versus Jake Evans in Montreal Canadiens zone.
3:32 of 1st period - Wrist shot by Wyatt Johnston.
3:32 of 1st period - Stopped by David Rittich with a rebound.
3:34 of 1st period - Snap shot by Wyatt Johnston.
3:34 of 1st period - Shot Misses the Net.
3:36 of 1st period - Snap shot by Quinton Byfield.
3:36 of 1st period - Shot Blocked by Aliaksei Protas.
3:38 of 1st period - Slapshot by Dougie Hamilton.
3:38 of 1st period - Deflect By Adam Fox.
3:38 of 1st period - Stopped by David Rittich with a rebound.
4:31 of 1st period - Wrist shot by Martin Necas.
4:31 of 1st period - Stopped by Frederik Andersen without a rebound.
4:32 of 1st period - Wyatt Johnston wins face-off versus Aliaksei Protas in Toronto Maple Leafs zone.
5:19 of 1st period - Cody Ceci is hit by Jake Evans and loses puck.
5:36 of 1st period - Snap shot by Aliaksei Protas.
5:36 of 1st period - Stopped by Frederik Andersen with a rebound.
5:38 of 1st period - Slapshot by Aliaksei Protas.
5:38 of 1st period - Shot Blocked by Mario Ferraro.
5:40 of 1st period - Wrist shot by Alexandre Carrier.
5:40 of 1st period - Deflect By Martin Necas.
5:40 of 1st period - Stopped by Frederik Andersen without a rebound.
5:41 of 1st period - Dylan Larkin wins face-off versus Nick Bjugstad in Toronto Maple Leafs zone.
6:06 of 1st period - Nicolas Roy is hit by Luke Glendening and loses puck.
6:29 of 1st period - Wrist shot by Brandon Saad.
6:29 of 1st period - Shot Hit the Post.
8:36 of 1st period - Adam Fox is hit by Mario Ferraro.
8:42 of 1st period - Minor Penalty to Nick Bjugstad for Tripping.
8:43 of 1st period - Dylan Larkin wins face-off versus Wyatt Johnston in Toronto Maple Leafs zone.
10:42 of 1st period - Penalty to Nick Bjugstad is over, Nick Bjugstad is back on ice.
10:50 of 1st period - Tomas Hertl is hit by Vasili Ponomarev and loses puck.
11:09 of 1st period - Wrist shot by Sam Bennett.
11:09 of 1st period - Shot Misses the Net.
11:11 of 1st period - Slapshot by Dougie Hamilton.
11:11 of 1st period - Deflect By Scott Laughton.
11:11 of 1st period - Shot Misses the Net.
11:11 of 1st period - Puck is out of play.
11:12 of 1st period - Luke Glendening wins face-off versus Scott Laughton in Montreal Canadiens zone.
12:34 of 1st period - Snap shot by Vladislav Namestnikov.
12:34 of 1st period - Shot Misses the Net.
12:36 of 1st period - Slapshot by Damon Severson.
12:36 of 1st period - Stopped by Frederik Andersen without a rebound.
12:37 of 1st period - Luke Glendening wins face-off versus Nick Bjugstad in Toronto Maple Leafs zone.
13:25 of 1st period - Wrist shot by Scott Laughton.
13:25 of 1st period - Shot Misses the Net.
13:27 of 1st period - Wrist shot by Scott Laughton.
13:27 of 1st period - Stopped by David Rittich with a rebound.
13:29 of 1st period - Wrist shot by Scott Laughton.
13:29 of 1st period - Stopped by David Rittich with a rebound.
13:30 of 1st period - Minor Penalty to Sam Bennett for Slashing.
13:31 of 1st period - Dylan Larkin wins face-off versus Scott Laughton in Toronto Maple Leafs zone.
13:32 of 1st period - Snap shot by Martin Necas.
13:32 of 1st period - Stopped by Frederik Andersen without a rebound.
13:33 of 1st period - Dylan Larkin wins face-off versus Scott Laughton in Toronto Maple Leafs zone.
13:40 of 1st period - Wrist shot by Martin Necas.
13:40 of 1st period - Shot Misses the Net.
14:04 of 1st period - Slapshot by Andrew Mangiapane.
14:04 of 1st period - Stopped by David Rittich without a rebound.
14:05 of 1st period - Nick Bjugstad wins face-off versus Dylan Larkin in Montreal Canadiens zone.
14:26 of 1st period - Wrist shot by Andrew Mangiapane.
14:26 of 1st period - Shot Misses the Net.
14:28 of 1st period - Slapshot by Ryan Pulock.
14:28 of 1st period - Stopped by David Rittich with a rebound.
14:30 of 1st period - Slapshot by Andrew Mangiapane.
14:30 of 1st period - Shot Misses the Net.
14:54 of 1st period - Minor Penalty to Vladislav Namestnikov for Interference.
14:55 of 1st period - Dylan Larkin wins face-off versus Scott Laughton in Montreal Canadiens zone.
15:20 of 1st period - Brady Skjei is hit by Wyatt Johnston.
15:30 of 1st period - Penalty to Sam Bennett is over, Sam Bennett is back on ice.
15:38 of 1st period - Wrist shot by Brady Tkachuk.
15:38 of 1st period - Shot Blocked by Brady Skjei.
15:40 of 1st period - Snap shot by Ryan Pulock.
15:40 of 1st period - Stopped by David Rittich without a rebound.
15:41 of 1st period - Tomas Hertl wins face-off versus Patrik Laine in Montreal Canadiens zone.
16:54 of 1st period - Penalty to Vladislav Namestnikov is over, Vladislav Namestnikov is back on ice.
17:09 of 1st period - Ilya Lyubushkin is hit by Andrew Mangiapane and loses puck.
17:59 of 1st period - Wyatt Johnston is hit by Adam Fox and loses puck.
18:21 of 1st period - Slapshot by Jonatan Berggren.
18:21 of 1st period - Shot Blocked by Sean Walker.
19:02 of 1st period - Wrist shot by Juraj Slafkovsky.
19:02 of 1st period - Shot Misses the Net.
19:04 of 1st period - Slapshot by Damon Severson.
19:04 of 1st period - Shot Misses the Net.
19:06 of 1st period - Wrist shot by Dylan Larkin.
19:06 of 1st period - Shot Misses the Net.
19:08 of 1st period - Snap shot by Dylan Larkin.
19:08 of 1st period - Stopped by Frederik Andersen with a rebound.
19:18 of 1st period - Aaron Ekblad is hit by Damon Severson and loses puck.
19:37 of 1st period - Snap shot by Brady Tkachuk.
19:37 of 1st period - Stopped by David Rittich without a rebound.
19:38 of 1st period - Quinton Byfield wins face-off versus Dylan Larkin in Montreal Canadiens zone.
19:39 of 1st period - Slapshot by Troy Terry.
19:39 of 1st period - Shot Blocked by Juraj Slafkovsky.
19:41 of 1st period - Wrist shot by Troy Terry.
19:41 of 1st period - Shot Blocked by Damon Severson.
19:43 of 1st period - Wrist shot by Quinton Byfield.
19:43 of 1st period - Stopped by David Rittich with a rebound.
Goals for this period are 0 for Toronto Maple Leafs vs 0 for Montreal Canadiens.
Shots for this period are 13 for Toronto Maple Leafs vs 7 for Montreal Canadiens.
2nd period
0:01 of 2nd period - Patrik Laine wins face-off versus Quinton Byfield in neutral zone.
0:04 of 2nd period - Sean Walker is hit by Juraj Slafkovsky and loses puck.
0:27 of 2nd period - Slapshot by Andrew Mangiapane.
0:27 of 2nd period - Stopped by David Rittich without a rebound.
0:28 of 2nd period - Jake Evans wins face-off versus Wyatt Johnston in Montreal Canadiens zone.
1:17 of 2nd period - Icing by Damon Severson.
1:18 of 2nd period - Luke Glendening wins face-off versus Tomas Hertl in Montreal Canadiens zone.
1:24 of 2nd period - Minor Penalty to Brady Tkachuk for Hooking.
1:25 of 2nd period - Scott Laughton wins face-off versus Dylan Larkin in Toronto Maple Leafs zone.
3:11 of 2nd period - Icing by Dylan Larkin.
3:12 of 2nd period - Juraj Slafkovsky wins face-off versus Scott Laughton in Montreal Canadiens zone.
3:24 of 2nd period - Penalty to Brady Tkachuk is over, Brady Tkachuk is back on ice.
3:44 of 2nd period - Icing by Cody Ceci.
3:45 of 2nd period - Luke Glendening wins face-off versus Nick Bjugstad in Toronto Maple Leafs zone.
3:48 of 2nd period - Slapshot by Jonatan Berggren.
3:48 of 2nd period - Stopped by Frederik Andersen with a rebound.
4:16 of 2nd period - Snap shot by Wyatt Johnston.
4:16 of 2nd period - Stopped by David Rittich with a rebound.
4:36 of 2nd period - Wrist shot by Scott Laughton.
4:36 of 2nd period - Shot Blocked by Damon Severson.
4:38 of 2nd period - Snap shot by Brandon Saad.
4:38 of 2nd period - Goal by Brandon Saad - Toronto Maple Leafs : 1 - Montreal Canadiens : 0.
4:39 of 2nd period - Dylan Larkin wins face-off versus Wyatt Johnston in neutral zone.
4:46 of 2nd period - Snap shot by Juraj Slafkovsky.
4:46 of 2nd period - Goal by Juraj Slafkovsky - Toronto Maple Leafs : 1 - Montreal Canadiens : 1.
4:47 of 2nd period - Dylan Larkin wins face-off versus Nick Bjugstad in neutral zone.
4:58 of 2nd period - Minor Penalty to Damon Severson for Interference.
4:59 of 2nd period - Tomas Hertl wins face-off versus Vladislav Namestnikov in Montreal Canadiens zone.
6:11 of 2nd period - Wrist shot by Brady Tkachuk.
6:11 of 2nd period - Stopped by David Rittich with a rebound.
6:13 of 2nd period - Wrist shot by Tomas Hertl.
6:13 of 2nd period - Shot Misses the Net.
6:41 of 2nd period - Snap shot by Troy Terry.
6:41 of 2nd period - Deflect By Tomas Hertl.
6:41 of 2nd period - Goal by Tomas Hertl - Toronto Maple Leafs : 2 - Montreal Canadiens : 1.
6:42 of 2nd period - Juraj Slafkovsky wins face-off versus Nick Bjugstad in neutral zone.
7:38 of 2nd period - Minor Penalty to Dylan Larkin for Tripping.
7:39 of 2nd period - Vladislav Namestnikov wins face-off versus Wyatt Johnston in Montreal Canadiens zone.
9:01 of 2nd period - Vladislav Namestnikov is hit by Ryan Pulock.
9:12 of 2nd period - Icing by Quinton Byfield.
9:13 of 2nd period - Wyatt Johnston wins face-off versus Jake Evans in Toronto Maple Leafs zone.
9:38 of 2nd period - Penalty to Dylan Larkin is over, Dylan Larkin is back on ice.
9:51 of 2nd period - Wrist shot by Dylan Larkin.
9:51 of 2nd period - Shot Misses the Net.
10:03 of 2nd period - Jake Evans is hit by Andrew Mangiapane and loses puck.
11:02 of 2nd period - Patrik Laine is hit by Nino Niederreiter and loses puck.
11:13 of 2nd period - Snap shot by Martin Necas.
11:13 of 2nd period - Stopped by Frederik Andersen with a rebound.
11:15 of 2nd period - Wrist shot by Juraj Slafkovsky.
11:15 of 2nd period - Shot Misses the Net.
11:27 of 2nd period - Damon Severson is hit by Brandon Saad and loses puck.
12:09 of 2nd period - Ilya Lyubushkin is hit by Quinton Byfield and loses puck.
14:17 of 2nd period - Rasmus Asplund is hit by Wyatt Johnston and loses puck.
14:32 of 2nd period - Scott Laughton is hit by Jake Evans and loses puck.
14:47 of 2nd period - Wrist shot by Dylan Larkin.
14:47 of 2nd period - Goal by Dylan Larkin - Toronto Maple Leafs : 2 - Montreal Canadiens : 2.
14:48 of 2nd period - Wyatt Johnston wins face-off versus Dylan Larkin in neutral zone.
15:22 of 2nd period - Slapshot by Aliaksei Protas.
15:22 of 2nd period - Shot Misses the Net.
15:42 of 2nd period - Slapshot by Vladislav Namestnikov.
15:42 of 2nd period - Shot Misses the Net.
15:44 of 2nd period - Snap shot by Vladislav Namestnikov.
15:44 of 2nd period - Shot Misses the Net.
16:08 of 2nd period - Slapshot by Dougie Hamilton.
16:08 of 2nd period - Stopped by David Rittich without a rebound.
16:09 of 2nd period - Dylan Larkin wins face-off versus Wyatt Johnston in Montreal Canadiens zone.
16:36 of 2nd period - Damon Severson is hit by Nick Bjugstad and loses puck.
16:51 of 2nd period - Slapshot by Patrik Laine.
16:51 of 2nd period - Shot Misses the Net.
16:53 of 2nd period - Wrist shot by Dylan Larkin.
16:53 of 2nd period - Shot Blocked by Aaron Ekblad.
16:55 of 2nd period - Wrist shot by Juraj Slafkovsky.
16:55 of 2nd period - Stopped by Frederik Andersen with a rebound.
16:57 of 2nd period - Snap shot by Dylan Larkin.
16:57 of 2nd period - Shot Misses the Net.
16:59 of 2nd period - Slapshot by Brady Skjei.
16:59 of 2nd period - Shot Misses the Net.
17:01 of 2nd period - Slapshot by Brady Skjei.
17:01 of 2nd period - Deflect By Juraj Slafkovsky.
17:01 of 2nd period - Shot Misses the Net.
17:01 of 2nd period - Puck is out of play.
17:02 of 2nd period - Wyatt Johnston wins face-off versus Jake Evans in Toronto Maple Leafs zone.
17:26 of 2nd period - Minor Penalty to Brady Tkachuk for Roughing.
17:27 of 2nd period - Dylan Larkin wins face-off versus Scott Laughton in Toronto Maple Leafs zone.
17:29 of 2nd period - Wrist shot by Martin Necas.
17:29 of 2nd period - Shot Misses the Net.
17:51 of 2nd period - Mario Ferraro is hit by Brady Skjei and loses puck.
19:26 of 2nd period - Penalty to Brady Tkachuk is over, Brady Tkachuk is back on ice.
19:38 of 2nd period - Andrew Mangiapane is hit by Evgeni Dadonov and loses puck.
19:43 of 2nd period - Wrist shot by Evgeni Dadonov.
19:43 of 2nd period - Shot Blocked by Brady Tkachuk.
Goals for this period are 2 for Toronto Maple Leafs vs 2 for Montreal Canadiens.
Shots for this period are 6 for Toronto Maple Leafs vs 5 for Montreal Canadiens.
3rd period
0:01 of 3rd period - Dylan Larkin wins face-off versus Wyatt Johnston in neutral zone.
0:08 of 3rd period - Snap shot by Juraj Slafkovsky.
0:08 of 3rd period - Shot Hit the Post.
0:16 of 3rd period - Snap shot by Troy Terry.
0:16 of 3rd period - Shot Blocked by Juraj Slafkovsky.
0:28 of 3rd period - Martin Necas is hit by Brady Tkachuk and loses puck.
0:47 of 3rd period - Snap shot by Scott Laughton.
0:47 of 3rd period - Shot Misses the Net.
0:49 of 3rd period - Snap shot by Sean Walker.
0:49 of 3rd period - Stopped by David Rittich with a rebound.
0:51 of 3rd period - Slapshot by Sean Walker.
0:51 of 3rd period - Shot Blocked by Brady Skjei.
0:53 of 3rd period - Slapshot by Dougie Hamilton.
0:53 of 3rd period - Stopped by David Rittich without a rebound.
0:54 of 3rd period - Scott Laughton wins face-off versus Luke Glendening in Montreal Canadiens zone.
1:01 of 3rd period - Snap shot by Sam Bennett.
1:01 of 3rd period - Stopped by David Rittich without a rebound.
1:02 of 3rd period - Dylan Larkin wins face-off versus Wyatt Johnston in Montreal Canadiens zone.
1:07 of 3rd period - Wrist shot by Wyatt Johnston.
1:07 of 3rd period - Deflect By Patrik Laine.
1:07 of 3rd period - Shot Misses the Net.
1:07 of 3rd period - Puck is out of play.
1:08 of 3rd period - Wyatt Johnston wins face-off versus Dylan Larkin in Montreal Canadiens zone.
1:17 of 3rd period - Wrist shot by Dylan Larkin.
1:17 of 3rd period - Stopped by Frederik Andersen without a rebound.
1:18 of 3rd period - Wyatt Johnston wins face-off versus Dylan Larkin in Toronto Maple Leafs zone.
1:20 of 3rd period - Icing by Quinton Byfield.
1:21 of 3rd period - Wyatt Johnston wins face-off versus Dylan Larkin in Toronto Maple Leafs zone.
1:21 of 3rd period - Wyatt Johnston is hit by Juraj Slafkovsky.
1:53 of 3rd period - Slapshot by Martin Necas.
1:53 of 3rd period - Shot Misses the Net.
2:19 of 3rd period - Wrist shot by Andrew Mangiapane.
2:19 of 3rd period - Stopped by David Rittich with a rebound.
3:12 of 3rd period - Snap shot by Wyatt Johnston.
3:12 of 3rd period - Shot Misses the Net.
3:14 of 3rd period - Slapshot by Dougie Hamilton.
3:14 of 3rd period - Shot Misses the Net.
3:16 of 3rd period - Wrist shot by Quinton Byfield.
3:16 of 3rd period - Deflect By Troy Terry.
3:16 of 3rd period - Shot Blocked by Jack Johnson.
3:16 of 3rd period - Puck is out of play.
3:17 of 3rd period - Dylan Larkin wins face-off versus Tomas Hertl in Montreal Canadiens zone.
4:04 of 3rd period - Jake Evans is hit by Aaron Ekblad and loses puck.
4:35 of 3rd period - Vladislav Namestnikov is hit by Andrew Mangiapane and loses puck.
4:48 of 3rd period - Slapshot by Patrik Laine.
4:48 of 3rd period - Shot Blocked by Aaron Ekblad.
4:48 of 3rd period - Aaron Ekblad from Toronto Maple Leafs is injured at 4:48 of 3rd period (Bruised Right Foot).
4:49 of 3rd period - Dylan Larkin wins face-off versus Quinton Byfield in Toronto Maple Leafs zone.
4:57 of 3rd period - Icing by Troy Terry.
4:58 of 3rd period - Wyatt Johnston wins face-off versus Dylan Larkin in Toronto Maple Leafs zone.
5:13 of 3rd period - Snap shot by Wyatt Johnston.
5:13 of 3rd period - Shot Misses the Net.
5:15 of 3rd period - Slapshot by Quinton Byfield.
5:15 of 3rd period - Stopped by David Rittich without a rebound.
5:16 of 3rd period - Aliaksei Protas wins face-off versus Tomas Hertl in Montreal Canadiens zone.
5:16 of 3rd period - Aliaksei Protas is hit by Brady Tkachuk.
5:28 of 3rd period - Snap shot by Tomas Hertl.
5:28 of 3rd period - Deflect By Nicolas Roy.
5:28 of 3rd period - Shot Blocked by Aliaksei Protas.
5:28 of 3rd period - Puck is out of play.
5:29 of 3rd period - Dylan Larkin wins face-off versus Tomas Hertl in Montreal Canadiens zone.
5:36 of 3rd period - Snap shot by Dylan Larkin.
5:36 of 3rd period - Stopped by Frederik Andersen with a rebound.
5:38 of 3rd period - Slapshot by Adam Fox.
5:38 of 3rd period - Stopped by Frederik Andersen with a rebound.
5:40 of 3rd period - Slapshot by Juraj Slafkovsky.
5:40 of 3rd period - Deflect By Dylan Larkin.
5:40 of 3rd period - Shot Blocked by Ryan Pulock.
5:40 of 3rd period - Puck is out of play.
5:41 of 3rd period - Dylan Larkin wins face-off versus Wyatt Johnston in Toronto Maple Leafs zone.
5:42 of 3rd period - Snap shot by Patrik Laine.
5:42 of 3rd period - Deflect By Dylan Larkin.
5:42 of 3rd period - Stopped by Frederik Andersen without a rebound.
5:43 of 3rd period - Dylan Larkin wins face-off versus Wyatt Johnston in Toronto Maple Leafs zone.
5:56 of 3rd period - Snap shot by Dylan Larkin.
5:56 of 3rd period - Shot Blocked by Quinton Byfield.
6:00 of 3rd period - Wrist shot by Juraj Slafkovsky.
6:00 of 3rd period - Stopped by Frederik Andersen with a rebound.
6:18 of 3rd period - Slapshot by Jake Evans.
6:18 of 3rd period - Shot Hit the Post.
6:20 of 3rd period - Slapshot by Damon Severson.
6:20 of 3rd period - Stopped by Frederik Andersen without a rebound.
6:21 of 3rd period - Dylan Larkin wins face-off versus Nick Bjugstad in Toronto Maple Leafs zone.
6:26 of 3rd period - Wrist shot by Juraj Slafkovsky.
6:26 of 3rd period - Deflect By Dylan Larkin.
6:26 of 3rd period - Stopped by Frederik Andersen with a rebound.
7:13 of 3rd period - Off-side.
7:14 of 3rd period - Wyatt Johnston wins face-off versus Luke Glendening in neutral zone.
7:27 of 3rd period - Snap shot by Troy Terry.
7:27 of 3rd period - Goal by Troy Terry - Toronto Maple Leafs : 3 - Montreal Canadiens : 2.
7:28 of 3rd period - Tomas Hertl wins face-off versus Dylan Larkin in neutral zone.
7:43 of 3rd period - Snap shot by Patrik Laine.
7:43 of 3rd period - Stopped by Frederik Andersen without a rebound.
7:44 of 3rd period - Nick Bjugstad wins face-off versus Jake Evans in Toronto Maple Leafs zone.
8:09 of 3rd period - Juraj Slafkovsky is hit by Troy Terry and loses puck.
8:30 of 3rd period - Nicolas Roy is hit by Luke Glendening.
8:40 of 3rd period - Slapshot by Nicolas Roy.
8:40 of 3rd period - Shot Misses the Net.
9:00 of 3rd period - Wrist shot by Nino Niederreiter.
9:00 of 3rd period - Stopped by David Rittich with a rebound.
12:36 of 3rd period - Wyatt Johnston is hit by Adam Fox and loses puck.
12:53 of 3rd period - Snap shot by Martin Necas.
12:53 of 3rd period - Stopped by Frederik Andersen with a rebound.
13:16 of 3rd period - Jack Johnson is hit by Sam Bennett and loses puck.
13:29 of 3rd period - Quinton Byfield is hit by Vladislav Namestnikov and loses puck.
14:17 of 3rd period - Slapshot by Brady Skjei.
14:17 of 3rd period - Stopped by Frederik Andersen without a rebound.
14:18 of 3rd period - Nick Bjugstad wins face-off versus Dylan Larkin in Toronto Maple Leafs zone.
14:18 of 3rd period - Nick Bjugstad is hit by Patrik Laine.
14:48 of 3rd period - Wrist shot by Tomas Hertl.
14:48 of 3rd period - Shot Misses the Net.
14:50 of 3rd period - Wrist shot by Tomas Hertl.
14:50 of 3rd period - Shot Misses the Net.
14:52 of 3rd period - Slapshot by Nicolas Roy.
14:52 of 3rd period - Stopped by David Rittich without a rebound.
14:53 of 3rd period - Wyatt Johnston wins face-off versus Dylan Larkin in Montreal Canadiens zone.
15:02 of 3rd period - Slapshot by Quinton Byfield.
15:02 of 3rd period - Stopped by David Rittich with a rebound.
15:08 of 3rd period - Slapshot by Quinton Byfield.
15:08 of 3rd period - Stopped by David Rittich with a rebound.
15:50 of 3rd period - Slapshot by Martin Necas.
15:50 of 3rd period - Shot Misses the Net.
15:52 of 3rd period - Snap shot by Aliaksei Protas.
15:52 of 3rd period - Stopped by Frederik Andersen with a rebound.
15:54 of 3rd period - Wrist shot by Aliaksei Protas.
15:54 of 3rd period - Shot Blocked by Cody Ceci.
16:16 of 3rd period - Brady Skjei is hit by Brady Tkachuk and loses puck.
17:03 of 3rd period - Luke Glendening is hit by Sean Walker and loses puck.
18:26 of 3rd period - Sean Walker is hit by Ilya Lyubushkin and loses puck.
18:37 of 3rd period - Quinton Byfield is hit by Alexandre Carrier and loses puck.
18:52 of 3rd period - Montreal Canadiens, David Rittich is pulled from the net.
18:56 of 3rd period - Snap shot by Vladislav Namestnikov.
18:56 of 3rd period - Stopped by Frederik Andersen without a rebound.
18:57 of 3rd period - Claude Julien call a timeout for Montreal Canadiens.
18:57 of 3rd period - Tomas Hertl wins face-off versus Aliaksei Protas in Toronto Maple Leafs zone.
19:20 of 3rd period - Off-side.
19:21 of 3rd period - Tomas Hertl wins face-off versus Aliaksei Protas in neutral zone.
19:24 of 3rd period - Snap shot by Tomas Hertl.
19:24 of 3rd period - Goal by Tomas Hertl - Toronto Maple Leafs : 4 - Montreal Canadiens : 2.
19:24 of 3rd period - David Rittich from Montreal Canadiens was sent back in the game.
19:25 of 3rd period - Luke Glendening wins face-off versus Nick Bjugstad in neutral zone.
19:40 of 3rd period - Wrist shot by Nino Niederreiter.
19:40 of 3rd period - Deflect By Andrew Mangiapane.
19:40 of 3rd period - Stopped by David Rittich with a rebound.
19:46 of 3rd period - Minor Penalty to Damon Severson for Interference.
19:47 of 3rd period - Vladislav Namestnikov wins face-off versus Wyatt Johnston in Montreal Canadiens zone.
19:56 of 3rd period - Slapshot by Wyatt Johnston.
19:56 of 3rd period - Stopped by David Rittich with a rebound.
19:58 of 3rd period - Slapshot by Ryan Pulock.
19:58 of 3rd period - Goal by Ryan Pulock - Toronto Maple Leafs : 5 - Montreal Canadiens : 2.
19:59 of 3rd period - Dylan Larkin wins face-off versus Wyatt Johnston in neutral zone.
Goals for this period are 3 for Toronto Maple Leafs vs 0 for Montreal Canadiens.
Shots for this period are 14 for Toronto Maple Leafs vs 12 for Montreal Canadiens.
Back to the Top